 Dungeon Crawl Stone Soup version 0.18.1-6-gd335043 (webtiles) character file.

250 Quirk the Ducker (level 5, 0/41 HPs)
             Began as a Demonspawn Gladiator on May 16, 2016.
             Was a Follower of Cheibriados.
             Succumbed to IcyTea's ghost's poison
             ... on level 3 of the Dungeon.
             The game lasted 00:07:30 (2113 turns).

Quirk the Ducker (Demonspawn Gladiator)             Turns: 2113, Time: 00:07:30

Health: 0/41       AC:  4    Str: 19    XL:     5   Next: 88%
Magic:  6/6        EV: 13    Int: 18    God:    Cheibriados [*.....]
Gold:   129        SH:  0    Dex: 16    Spells: 0 memorised, 4 levels left

rFire  . . .     SeeInvis .     a - +0 war axe
rCold  . . .     Gourm    .     b - +0 leather armour
rNeg   . . .     Faith    .     (no shield)
rPois  .         Spirit   .     c - +0 helmet
rElec  .         Dismiss  .     (no cloak)
rCorr  .         Reflect  .     (no gloves)
SustAt .         Harm     .     (no boots)
MR     .....                    (no amulet)
Stlth  ++........               (no ring)
                                (no ring)

@: brilliant, lethally poisoned (0 -> -9), very slightly contaminated, very
slow, not resistant to hostile enchantments, unstealthy
A: demonic guardian 1, powered by death 1
a: Bend Time, Renounce Religion


You were on level 3 of the Dungeon.
You worshipped Cheibriados.
Cheibriados was aware of your devotion.
You were not hungry.

You visited 1 branch of the dungeon, and saw 3 of its levels.

You collected 129 gold pieces.

Inventory:

Hand Weapons
 a - a +0 war axe (weapon)
Missiles
 d - 3 throwing nets (quivered)
Armour
 b - a +0 leather armour (worn)
 c - a +0 helmet (worn)
Scrolls
 i - 2 scrolls of identify
 j - a scroll of blinking
 m - 2 scrolls of remove curse
 n - a scroll of immolation {unknown}
 p - a scroll of enchant weapon {unknown}
 q - 2 scrolls of recharging
Comestibles
 f - 3 bread rations
 g - a beef jerky
 k - a meat ration
 l - 2 chunks of flesh
 r - a slice of pizza


   Skills:
 + Level 3.3 Fighting
 + Level 3.5 Axes
 - Level 1.7 Throwing
 + Level 2.2 Armour
 + Level 3.6 Dodging
 + Level 1.2 Stealth
 + Level 2.0 Invocations


You had 4 spell levels left.
You didn't know any spells.

Dungeon Overview and Level Annotations

Branches:
Dungeon (3/15)

Altars:
Ashenzari
Cheibriados
Fedhas
Pakellas
Qazlal


Innate Abilities, Weirdness & Mutations

A weak demonic guardian rushes to your aid.
You regenerate a little health from kills.


Message History

You feel sick.
Read which item? (? for menu, Esc to quit)
As you read the scroll labeled DEOBUJ ZEUCI, it crumbles to dust.
You feel blessed for a moment.
It was a scroll of remove curse.
* * * LOW HITPOINT WARNING * * *
You feel sick.
Read which item? (? for menu, Esc to quit)
As you read the scroll labeled DEUFOLL WUSO, it crumbles to dust.
It is a scroll of identify.
Identify which item? (\ to view known items) (? for menu, Esc to quit)
q - 2 scrolls of recharging
* * * LOW HITPOINT WARNING * * *
You feel sick.
* * * LOW HITPOINT WARNING * * *
You feel sick.
You aren't carrying any potions.
Okay, then.
* * * LOW HITPOINT WARNING * * *
You feel sick.
You die...

#.. ##..# .... #... #..#
#..# ###### #
########..#####.§..##.#####
#.........).....§§§........
#.....###.####@.§.§##.#####
#.....###.##...§§§§.# #
#..............§....#
###...................#
......................# #.#
.............#........#.#
#.#
###.....######........#.#
#.# #.....# #........#.#
#.# #.....# #........#.#
#.#


There were no monsters in sight!

Vanquished Creatures
  The ghost of IcyTea the Stinger, an amateur SpVM (D:3)
  2 gnolls (D:2)
  6 adders
  An ooze (D:2)
  2 worms
  4 dart slugs
  6 giant geckos
  An orc (D:3)
  5 giant cockroaches
  4 goblins
  5 hobgoblins
  4 jackals (D:3)
  9 kobolds
  3 quokkas
  6 bats
  4 giant newts
  4 rats
67 creatures vanquished.

Vanquished Creatures (collateral kills)
  A jelly (D:3)
  A gnoll (D:3)
  A bat (D:2)
3 creatures vanquished.

Grand Total: 70 creatures vanquished

Notes
Turn   | Place    | Note
--------------------------------------------------------------
     0 | D:1      | Quirk the Demonspawn Gladiator began the quest for the Orb.
     0 | D:1      | Reached XP level 1. HP: 16/16 MP: 1/1
    84 | D:1      | Gained mutation: A weak demonic guardian rushes to your aid. [demonic ancestry]
    84 | D:1      | Reached XP level 2. HP: 14/22 MP: 2/2
   466 | D:1      | Reached skill level 1 in Armour
   582 | D:2      | Gained mutation: You regenerate a little health from kills. [demonic ancestry]
   582 | D:2      | Reached XP level 3. HP: 6/28 MP: 3/3
   830 | D:2      | Found a snail-covered altar of Cheibriados.
   847 | D:2      | Reached XP level 4. HP: 16/34 MP: 4/4
   890 | D:2      | Became a worshipper of Cheibriados the Contemplative
  1045 | D:2      | Found a faded altar to an unknown god.
  1172 | D:2      | Found a blossoming altar of Fedhas.
  1207 | D:2      | Reached skill level 1 in Invocations
  1287 | D:3      | Noticed IcyTea's ghost (amateur SpVM)
  1510 | D:3      | Reached * piety under Cheibriados
  1636 | D:3      | Reached XP level 5. HP: 37/41 MP: 5/5
  1686 | D:3      | Found a stormy altar of Qazlal.
  1766 | D:3      | Found a shattered altar of Ashenzari.
  1861 | D:3      | Found an oddly glowing altar of Pakellas.
  2093 | D:3      | Killed IcyTea's ghost
  2093 | D:3      | Reached skill level 1 in Stealth
  2110 | D:3      | HP: 2/41 [poisoned by IcyTea's ghost]
  2113 | D:3      | Succumbed to IcyTea's ghost's poison

Skill      XL: |  1  2  3  4  5 |
---------------+----------------+-----
Dodging        | 3 |  3.6
Axes           | 3 |  3.5
Armour         | 1 2 |  2.2
Invocations    | 1 2 |  2.0
Fighting       | 3 |  3.3
Stealth        | 1 |  1.2
Throwing       | |  1.7

Action                   |  1- 3 |  4- 6 || total
-------------------------+-------+-------++-------
Melee: War axe           |   111 |   132 ||   243
Invok: Bend Time         |       |     1 ||     1
  Use: Potion            |     3 |     3 ||     6
       Scroll            |       |     4 ||     4
  Eat: Chunk             |       |     4 ||     4
Armor: Leather armour    |    60 |    33 ||    93
Dodge: Dodged            |   106 |   131 ||   237
